 Dungeon Crawl Stone Soup version 0.19-a0-1815-g4007336 (webtiles) character file.

51 Ijustatesigmund the Sneak (level 3, 0/27 HPs)
             Began as a Spriggan Assassin on Oct 5, 2016.
             Succumbed to an adder's poison
             ... on level 2 of the Dungeon.
             The game lasted 00:03:07 (1555 turns).

Ijustatesigmund the Sneak (Spriggan Assassin)       Turns: 1555, Time: 00:03:08

Health: 0/27       AC: 21    Str:  5 (7)  XL:     3   Next: 58%
Magic:  4/4        EV:  4    Int: 12 (13) God:
Gold:   72         SH:  0    Dex: 19 (22) Spells: 0 memorised, 2 levels left

rFire  . . .     SeeInvis +     a - +2 dagger
rCold  . . .     Gourm    .     (armour currently unavailable)
rNeg   + + +     Faith    .     (shield restricted)
rPois  +         Spirit   .     (helmet currently unavailable)
rElec  .         Dismiss  .     (cloak currently unavailable)
rCorr  .         Reflect  .     (gloves unavailable)
MR     .....     Harm     .     (boots unavailable)
Stlth  +++++..... NoTele   +    (no amulet)
                                (no ring)
                                (no ring)

@: agile, lethally poisoned (0 -> -2), tree-form
A: unfitting armour, see invisible, (deformed body), deterioration 2, herbivore
3, (speed 0), slow metabolism 2
a: no special abilities


You were on level 2 of the Dungeon.
You were not hungry.
You were a tree.
You visited 1 branch of the dungeon, and saw 2 of its levels.

You collected 72 gold pieces.

Inventory:

Hand Weapons
 a - a +2 dagger (weapon)
 b - a +0 blowgun
Missiles
 e - 23 poisoned needles
 f - a curare-tipped needle
Armour
 c - a +0 robe (melded)
 d - a +0 cloak (melded)
Scrolls
 i - 5 scrolls of remove curse {unknown}
 j - a scroll of magic mapping {unknown}
 l - 2 scrolls of identify {unknown}
Potions
 k - a potion of degeneration
 n - a potion of lignification
Comestibles
 g - 3 bread rations
 m - 4 fruits


   Skills:
 - Level 1.5 Fighting
 - Level 2.1 Short Blades
 - Level 2.0 Throwing
 + Level 3.6 Dodging
 + Level 7.1 Stealth


You had 2 spell levels left.
You didn't know any spells.

Dungeon Overview and Level Annotations

Branches:
Dungeon (2/15)

Altars:


Innate Abilities, Weirdness & Mutations

You are very small and have problems with some larger weapons.
You are too small for most types of armour.
You have supernaturally acute eyesight. (SInv)
You are a herbivore.
((You cover ground extremely quickly.))
You need consume almost no food.
((Armour fits poorly on your strangely shaped body.))
Your body often deteriorates upon taking damage.


Message History

The adder is almost dead.
The adder bites you but does no damage.
You barely miss the adder.
The adder is almost dead.
The adder barely misses you.
You closely miss the adder.
The adder is almost dead.
The adder bites you.
* * * LOW HITPOINT WARNING * * *
It was a potion of agility.
You feel agile all of a sudden.
* * * LOW HITPOINT WARNING * * *
You feel sick. The adder completely misses you.
You closely miss the adder.
The adder is almost dead.
The adder bites you but does no damage.
You hit the adder.
You kill the adder!
You cannot move.
You die...

... ... #..# ###
#..# #### #..# #
....##..####.## #
............# #.
...........# #.#
#.#:...#...# [.##
##.#♣.......# ###
#.###...#...#!..#
... #......$...##
#
#.###.###...##.#
#...## ##.## .#
##.## #.# .# #.##
#.# #. #..# #.# .
##.# #.#


There were no monsters in sight!

Vanquished Creatures
  An adder (D:2)
  A worm (D:2)
  A dart slug (D:1)
  6 bats
  3 giant cockroaches
  4 goblins (D:1)
  3 hobgoblins
  5 jackals (D:1)
  2 frilled lizards (D:1)
  4 kobolds
  4 rats (D:1)
34 creatures vanquished.

Notes
Turn   | Place    | Note
-------+----------+-------------------------------------------
     0 | D:1      | Ijustatesigmund the Spriggan Assassin began the quest for the Orb.
     0 | D:1      | Reached XP level 1. HP: 10/10 MP: 2/2
    46 | D:1      | Reached skill level 6 in Stealth
   185 | D:1      | Reached XP level 2. HP: 11/14 MP: 3/3
  1253 | D:1      | Reached XP level 3. HP: 18/18 MP: 4/4
  1427 | D:2      | Reached skill level 7 in Stealth
  1547 | D:2      | Gained mutation: Armour fits poorly on your strangely shaped body. [potion of mutation]
  1547 | D:2      | Gained mutation: Your body sometimes deteriorates upon taking damage. [potion of mutation]
  1547 | D:2      | Gained mutation: Your body often deteriorates upon taking damage. [potion of mutation]
  1551 | D:2      | HP: 1/27 [poisoned by an adder]
  1555 | D:2      | Succumbed to an adder's poison

Vault maps used:
D:1:      roderic_crop_circles_arrival_small, minmay_misc_feat_chi
D:2:      first_bread, uniq_sigmund

Skill      XL: |  1  2  3 |
---------------+----------+-----
Stealth        | 6 7 |  7.1
Dodging        | 2 3 |  3.6
Fighting       | |  1.5
Short Blades   | |  2.1
Throwing       | |  2.0

Action                   || total
-------------------------++-------
Melee: Dagger            ||   131
 Fire: Blowgun           ||     9
  Use: Potion            ||     4
 Stab: Sleeping          ||     9
Armor: Robe              ||    16
       Skin              ||     9
Dodge: Dodged            ||   103
